 Dungeon Crawl Stone Soup version 0.31-a0-997-g9a2f3ffc92 (webtiles) character file.

Game seed: 6543220968765041986

28 Armakuni the Sneak (level 3, -3/43 HPs)
             Began as a Human Delver on Nov 7, 2023.
             Succumbed to a goblin's poison
             ... on level 2 of the Dungeon.
             The game lasted 00:05:04 (1369 turns).

Armakuni the Sneak (Human Delver)                   Turns: 1369, Time: 00:05:05

Health: -3/43      AC:  6    Str: 12    XL:     3   Next: 27%
Magic:  3/3        EV: 10    Int: 12    God:
Gold:   112        SH:  0    Dex: 14    Spells: 2/2 levels left

rFire   . . .        a - +0 mace (vamp)
rCold   . . .        g - orb {light}
rNeg    . . .        h - +1 ring mail
rPois   .            (no helmet)
rElec   .            (no cloak)
rCorr   .            (no gloves)
SInv    .            (no boots)
Will    .....        (no amulet) Stlth
                     (no ring)
HPRegen 0.27/turn    (no ring)
MPRegen 0.08/turn

%: no passive effects
@: berserking, lethally poisoned (-3 -> -27), glowing, very quick
A: no striking features
a: no special abilities


You were on level 2 of the Dungeon.
You visited 1 branch of the dungeon, and saw 6 of its levels.

You collected 112 gold pieces.

Inventory:

Hand Weapons
 a - a +0 vampiric mace (weapon)
Missiles
 f - 2 throwing nets
Armour
 g - an orb of light (worn)
 h - a +1 ring mail (worn)
Magical Staves
 e - a staff of poison
Wands
 k - a wand of digging (3)
Scrolls
 c - 2 scrolls of fog
 d - a scroll of revelation
Potions
 i - a potion of might {unknown}


   Skills:
 - Level 3.0 Fighting
 + Level 3.5 Maces & Flails
 - Level 2.0 Dodging
 - Level 5.0 Stealth


You had 2 spell levels left.
You didn't know any spells.
Your spell library contained the following spells:

 Spells                   Type           Power      Damage    Failure   Level
 Sandblast                Erth           0%         2d4       58%         1
 Sting                    Tmut/Pois      0%         1d3       58%         1
 Passwall                 Tmut/Erth      0%         N/A       75%         2
 Poisonous Vapours        Pois/Air       0%         N/A       75%         2
 Stone Arrow              Conj/Erth      0%         3d7       92%         3
 Brom's Barrelling Bould  Conj/Erth      0%         2d3       100%        4
 Olgreb's Toxic Radiance  Pois           0%         N/A       100%        4


Dungeon Overview and Level Annotations

Branches:
Dungeon (6/15)
 Temple: D:4-7

Altars:

Annotations:
D:3 Ijyb


Message History

The bat closely misses you. x2
You hit the bat.
You feel better.
You kill the bat!
No target in view!
You now have 112 gold pieces (gained 13).
Found a chain mail.
Found an escape hatch in the floor.
There is an escape hatch in the floor here.
A goblin comes into view. It is wielding a +2 dagger of venom.
The goblin shouts!
The goblin moves out of view.
The goblin hits you but does no damage.
You are poisoned.
You closely miss the goblin.
You feel sick.
The goblin hits you with a +2 dagger of venom.
You are more poisoned.
The goblin hits you with a +2 dagger of venom.
You are lethally poisoned!
You barely miss the goblin.
You feel extremely sick.
The goblin hits you with a +2 dagger of venom.
You are more poisoned.
You are too injured to fight recklessly!
A red film seems to cover your vision as you go berserk!
You feel yourself moving faster!
You feel mighty!
You feel extremely sick.
The goblin hits you with a +2 dagger of venom.
You are more poisoned.
You barely miss the goblin.
* * * LOW HITPOINT WARNING * * *
You feel very sick. The goblin hits you but does no damage.
You are more poisoned.
You barely miss the goblin.
* * * LOW HITPOINT WARNING * * *
You feel very sick. The goblin closely misses you.
You sock the goblin!
You kill the goblin!
You die...

#.......# ######## #.#
#. #.##.##.# #####
##.## #. #.##.##.#
#.... #...# ### #.
#.#..##.# #....
#...##........
#.....#.# #....#
#.............
#.....#.# #.....
##†###........
#.......# ....#####.#
######. #.....###
####)......# #. #[....#
#....@..##.# #. ####.##
#.#####.##)#
####.#######.#####.##>#
#.........>.....##.##.#
#.##.#..####.##.##.##(#
#.##....# #.##.......#
#.#####.# #.......####
#.#####.# #########
#.......#


There were no monsters in sight!

Vanquished Creatures
  4 endoplasms (D:1)
  2 giant cockroaches (D:1)
  2 goblins
  4 hobgoblins
  3 kobolds
  A quokka (D:1)
  2 ball pythons
  3 bats
  2 frilled lizards (D:1)
  3 rats
26 creatures vanquished.

Notes
Turn   | Place    | Note
-------+----------+-------------------------------------------
     0 | D:5      | Armakuni the Human Delver began the quest for the Orb.
     0 | D:5      | Reached XP level 1. HP: 18/18 MP: 1/1
    31 | D:6      | Noticed a hound
    81 | D:6      | Noticed an iguana
   149 | D:5      | Noticed a hound
   154 | D:5      | Noticed an iguana
   168 | D:4      | Noticed an iguana
   180 | D:3      | Found a faded altar of an unknown god.
   188 | D:3      | Noticed Ijyb
   396 | D:1      | Reached XP level 2. HP: 24/24 MP: 2/2
   672 | D:1      | Reached XP level 3. HP: 29/29 MP: 3/3
  1368 | D:2      | HP: 2/43 [poisoned by a goblin]
  1369 | D:2      | Succumbed to a goblin's poison

Illustrated notes

Levels and vault maps discovered:
D:1:      nicolae_arrival_washed_ashore, layout_basic, minmay_tromino_v4_c
D:2:      layout_loops_cross
D:3:      layout_basic, ebering_ecumenical_altar_rust,
          ebering_ghost_inner_flame, uniq_ijyb
D:4:      layout_basic, nicolae_overflow_hidden_temple, minitemple,
          serial_shops, nicolae_shop_tiny_waterfront, shop
D:5:      layout_rooms, uniq_prince_ribbit1
D:6:      layout_basic

Skill      XL: |  1  2 |
---------------+-------+-----
Maces & Flails | 3 |  3.5
Fighting       | |  3.0
Dodging        | |  2.0
Stealth        | |  5.0

Action                     || total
---------------------------++-------
  Melee: Mace              ||    72
         Punch             ||     2
    Use: Scroll            ||     5
         Potion            ||     3
   Stab: Sleeping          ||     6
 Armour: Leather armour    ||     8
         Ring mail         ||    44
  Dodge: Dodged            ||    42

Table legend: (Time is in decaauts)
 A = Elapsed time spent in this place.
 B = Non-inter-level travel time spent in this place.
 C = Inter-level travel time spent in this place.
 D = Time resting spent in this place.
 E = Time spent auto-exploring this place.
 F = Levels seen in this place.
 G = Mean time per level.
                   A        B        C        D        E       F      G
               +--------+--------+--------+--------+--------+-----+--------+
         Total |   1384 |   1372 |     12 |    120 |    758 |   6 |  230.7 |
       Dungeon |   1384 |   1372 |     12 |    120 |    758 |   6 |  230.7 |
               +--------+--------+--------+--------+--------+-----+--------+

Top non-repeatable levels by time:
     D:1: 881 daAuts
     D:2: 303 daAuts
     D:6: 142 daAuts
     D:5: 25 daAuts
     D:3: 19 daAuts
     D:4: 11 daAuts
